[Event "10th Sharjah Cup Women 2020"]
[Site "Sharjah"]
[Date "2020.01.08"]
[Round "6.18"]
[White "Amal, Fadel S M Alshamsi"]
[Black "Kyrkjebo, Hanna B."]
[Result "1/2-1/2"]
[ECO "C47"]
[WhiteElo "1403"]
[BlackElo "1963"]
[Annotator "NA RC"]
[PlyCount "124"]
[EventDate "2020.01.04"]
[EventType "swiss"]
[EventCountry "UAE"]
[SourceTitle "playchess.com"]
[Source "ChessBase"]
[SourceQuality "1"]
[TimeControl "5400+30"]

1. e4 e5 2. Nf3 Nc6 3. Nc3 Nf6 4. d4 exd4 5. Nxd4 Bb4 6. Nxc6 bxc6 7. Bd3 d5 8. exd5 cxd5 9. O-O O-O 10. Bg5 c6 11. Qf3 Be7 12. h3 h6 13. Bf4 {[%emt 0:00:09] C47: Scotch Four Knights and Four Knights with 4 g3} Bd6 14. Bxd6 (14. Rfe1 Rb8 15. b3 Be6 16. Ne2 c5 17. Rad1 Re8 18. Bxd6 Qxd6 19. Nf4 Rbd8 20. Re2 g5 21. Nxe6 Rxe6 {½-½ (38) Erigaisi,A (2544)-Tabatabaei,M (2635) Sitges 2019}) 14... Qxd6 15. Ne2 Bd7 $146 ({Predecessor:} 15... Rb8 16. Rab1 c5 17. Ng3 Rb4 18. c3 Ra4 19. Ra1 Re8 20. Qd1 Bd7 {0-1 (62) Akgul,B (1641)-Sahin,H (1669) Kayseri 2010}) 16. Nf4 Rab8 17. b3 c5 18. Rad1 Bc6 19. Qg3 Rfd8 20. Rfe1 a5 21. Ne2 Qf8 22. Qc7 Rdc8 23. Qxa5 Ra8 24. Qd2 Rxa2 25. Ng3 Rd8 (25... Bd7 $11) 26. Nf5 Bd7 27. Qf4 (27. Ne7+ $16 Kh8 28. Re5) 27... Bxf5 28. Qxf5 Qd6 29. g4 g6 30. Qf3 Kg7 31. h4 (31. Re2 $11) 31... h5 32. g5 Ng4 33. Qg2 Ne5 34. Qg3 (34. Be4 $11) 34... Nc6 35. Qxd6 Rxd6 36. Ra1 Rxa1 37. Rxa1 Ne5 38. Be2 Rb6 ({Black should try} 38... Nc6 $11) 39. f4 ({White should try} 39. Ra5 $14) 39... Nc6 40. f5 gxf5 41. Bxh5 Ne5 (41... Rb4 $11) 42. Rf1 Rb4 43. Rxf5 Re4 44. Kf2 (44. Kg2 $16) 44... d4 (44... Rxh4 $16 {might work better.} 45. Rxe5 Rxh5) 45. Bf3 (45. Be2 $18 {and White stays clearly on top.}) 45... Nxf3 46. Kxf3 ({But not} 46. Rxf3 Rxh4 47. Kg3 Re4 $11) 46... Rxh4 47. Rxc5 Kg6 48. Ke2 Rh3 49. Rd5 (49. Kd2 $142) 49... d3+ 50. Rxd3 ({Don't take} 50. cxd3 $6 Rh5 $16) 50... Rh2+ 51. Ke3 $2 (51. Kd1 $18) 51... Rxc2 52. Rd5 Rc3+ 53. Rd3 Rc5 54. Kf4 Rf5+ 55. Ke4 Rxg5 56. Kf4 Rb5 57. Rg3+ Kf6 58. Rd3 Ke6 59. Re3+ Kd6 60. Rd3+ Ke6 61. Re3+ Kd6 62. Rd3+ Ke6 $11 1/2-1/2

[Event "10th Sharjah Cup Women 2020"]
[Site "Sharjah"]
[Date "2020.01.08"]
[Round "6.19"]
[White "Shanya, Mishra"]
[Black "Fatima, Al Wahabi"]
[Result "1-0"]
[ECO "E04"]
[WhiteElo "1907"]
[BlackElo "1386"]
[Annotator "NA RC"]
[PlyCount "49"]
[EventDate "2020.01.04"]
[EventType "swiss"]
[EventCountry "UAE"]
[SourceTitle "playchess.com"]
[Source "ChessBase"]
[SourceQuality "1"]
[TimeControl "5400+30"]

1. d4 Nf6 2. c4 e6 3. g3 d5 4. Bg2 dxc4 5. Nf3 Bb4+ 6. Bd2 a5 7. Qc2 {[%emt 0:02:14] E04: Open Catalan: 5 Nf3} (7. O-O O-O 8. Qc2 Bxd2 9. Nbxd2 b5 10. a4 c6 11. b3 cxb3 12. Nxb3 b4 13. e4 Nbd7 14. h4 h6 15. e5 {½-½ (93) Abasov,N (2632)-Piorun,K (2660) Khanty-Mansiysk 2019}) 7... Bxd2+ 8. Nbxd2 b5 9. a4 c6 10. Ne5 Nd5 11. Ne4 $146 ({Predecessor:} 11. O-O $1 $11 O-O 12. e4 Nb4 13. Qc3 Nd7 14. Nxd7 Qxd7 {0-1 (44) Bunzmann,D (2555)-Pelletier,Y (2483) Lausanne 1999}) 11... f6 12. Nf3 Nd7 (12... O-O $15) 13. axb5 N7b6 14. bxc6 Nb4 15. Qd2 Nxc6 16. Nc5 Bd7 (16... O-O $16) 17. O-O Qc7 18. Bh3 f5 19. Qe3 Qc8 (19... O-O $142 20. Bg2 (20. Nxe6 Bxe6 21. Qxe6+ {[%mdl 64] Double Attack} Kh8 $18) 20... Rfe8) 20. Nxd7 Qxd7 21. Bxf5 Nd8 22. Ng5 O-O $2 (22... Nd5 23. Qe5 Nc6) 23. Bxh7+ Kh8 24. Bg6 Rf6 $18 25. Qe4 1-0

[Event "10th Sharjah Cup Women 2020"]
[Site "Sharjah"]
[Date "2020.01.08"]
[Round "6.20"]
[White "Al-Hammadi, Maryam Hussein"]
[Black "Kyrkjebo, Marte B."]
[Result "0-1"]
[ECO "C77"]
[WhiteElo "1387"]
[BlackElo "1880"]
[Annotator "NA RC"]
[PlyCount "74"]
[EventDate "2020.01.04"]
[EventType "swiss"]
[EventCountry "UAE"]
[SourceTitle "playchess.com"]
[Source "ChessBase"]
[SourceQuality "1"]
[TimeControl "5400+30"]

1. e4 e5 2. Nf3 Nc6 3. Bb5 a6 4. Ba4 Nf6 5. Qe2 b5 6. Bb3 Be7 7. a4 b4 8. d4 {[%emt 0:01:32] C77: Ruy Lopez: 3...a6 4 Ba4 Nf6, unusual lines} (8. a5 O-O 9. O-O Rb8 10. d3 d6 11. Be3 Rb5 12. Ba4 Rxa5 13. Nbd2 Bd7 14. Bxc6 Rxa1 15. Rxa1 Bxc6 16. Rxa6 Qd7 17. Ra7 {½-½ (36) Tiviakov,S (2670)-Ivanchuk,V (2756) Germany 2010}) 8... O-O (8... d5 $1 $11) 9. d5 $2 (9. dxe5 $16 {stays on course.} Ng4 10. Bd5) 9... Na5 $1 $146 ({Predecessor:} 9... Nd4 10. Nxd4 exd4 11. e5 Bc5 12. O-O Ne8 13. Qd3 d6 14. f4 Bb7 15. Qe4 Qe7 {0-1 (37) Lelekova,O-Zaks,V Litohoto 1999}) 10. Nxe5 Nxb3 11. cxb3 Re8 12. f3 (12. Nd2 $15) 12... Bf8 13. Nc4 Nxd5 {[%emt 0:02:06] Pin} 14. O-O Bc5+ 15. Kh1 d6 16. Qd3 Nb6 17. a5 Nd7 18. Be3 Bxe3 19. Nxe3 Nc5 20. Qc2 Be6 21. Nd2 Qf6 22. Ndc4 Rab8 23. Rfd1 Rb5 24. Rd2 Nb7 25. Qd1 Qg5 26. Rd4 Nxa5 27. f4 Qc5 28. f5 {[%emt 0:00:43] [#]} (28. Nxa5 $17 Rxa5 29. Rc1) 28... Bxc4 $2 (28... Nxb3 $1 $19 {[%mdl 512] and Black stays clearly on top.} 29. Qxb3 Qxd4 30. fxe6 Rxe6) 29. bxc4 Rbb8 30. Qd3 Nc6 31. Rd5 Qb6 {[%emt 0:00:31] [#]} (31... Ne5 $17 32. Qe2 Qc6) 32. b3 (32. f6 $1 $11 ) 32... Ne5 33. Qd2 {[%emt 0:01:47] [#]} Nd7 $1 34. Rd4 $2 (34. e5) 34... Nc5 $1 {[%emt 0:00:28] Double Attack} 35. Nd5 Qa7 $2 ({Black should try} 35... Nxb3 $19 36. Nxb6 Nxd2 37. Rxd2 Rxb6) 36. Qe3 $2 {[%emt 0:00:29] [#]} (36. f6 $15) 36... Nxb3 $1 {[%emt 0:00:34] Double Attack, Discovered Attack} 37. Qxb3 $19 Qxd4 {[%emt 0:00:02] Double Attack} 0-1

[Event "10th Sharjah Cup Women 2020"]
[Site "Sharjah"]
[Date "2020.01.08"]
[Round "6.21"]
[White "Mission, Cheryll Rosales"]
[Black "Greibrokk, Ingrid"]
[Result "0-1"]
[ECO "D02"]
[WhiteElo "1135"]
[BlackElo "1855"]
[Annotator "NA RC"]
[PlyCount "62"]
[EventDate "2020.01.04"]
[EventType "swiss"]
[EventCountry "UAE"]
[SourceTitle "playchess.com"]
[Source "ChessBase"]
[SourceQuality "1"]
[TimeControl "5400+30"]

1. d4 d5 2. Nf3 Nf6 3. Bf4 e6 4. a3 c5 5. c4 dxc4 6. Qa4+ Nc6 7. Be5 (7. dxc5 $15 Bxc5 8. Qxc4) 7... Bd7 ({Don't play} 7... cxd4 8. Nxd4 Bd7 9. Nxc6 $17) 8. Qxc4 Rc8 9. Qc2 (9. Qb3 $142) 9... cxd4 10. Qd3 $2 (10. Bxf6 gxf6 11. Qd1) 10... Nxe5 11. Nxe5 Qa5+ 12. Nd2 Qxe5 13. Nc4 Qc7 14. Rc1 b5 15. Nd6+ Qxd6 16. Rxc8+ Bxc8 17. Qxb5+ Bd7 18. Qd3 Qc5 19. Qd1 Bd6 (19... Ne4 $142 20. e3 Qa5+ 21. Ke2 Qb5+ 22. Ke1 {[#]} Bb4+ $1 23. axb4 Qxb4+ {[%mdl 64] Double Attack} 24. Ke2 Qxb2+ 25. Qd2 Qxd2+ 26. Kf3 Qxf2+ 27. Kg4 h5+ 28. Kh3 Ng5#) 20. g3 Bc6 21. f3 O-O 22. b4 Qc3+ {[%emt 0:00:14] Double Attack} 23. Kf2 Ng4+ {[%emt 0:00:07] Pin} 24. Kg1 Qe3+ 25. Kg2 Qf2+ 26. Kh3 Nxh2 27. f4 Bxh1 28. e4 Nxf1 29. Qd3 Qh2+ 30. Kg4 h5+ 31. Kg5 Be7# 0-1

[Event "10th Sharjah Cup Women 2020"]
[Site "Sharjah"]
[Date "2020.01.08"]
[Round "6.22"]
[White "Jalaluldeen, Kareen Kamal J."]
[Black "Fatima, Saif Al-Ali"]
[Result "1-0"]
[ECO "D58"]
[WhiteElo "1784"]
[BlackElo "1339"]
[Annotator "NA RC"]
[PlyCount "43"]
[EventDate "2020.01.04"]
[EventType "swiss"]
[EventCountry "UAE"]
[SourceTitle "playchess.com"]
[Source "ChessBase"]
[SourceQuality "1"]
[TimeControl "5400+30"]

1. d4 d5 2. c4 e6 3. Nc3 Nf6 4. Bg5 Be7 5. Nf3 h6 6. Bh4 O-O 7. e3 b6 8. Bd3 dxc4 9. Bxc4 Bb7 10. Qe2 Nbd7 11. O-O c5 12. Rfd1 Qc8 13. Rac1 Re8 14. Bg3 Ne4 15. Nxe4 Bxe4 16. dxc5 Nxc5 17. b4 Na4 18. Be5 Bxb4 19. Ba6 Qxc1 20. Rxc1 Nc5 21. Bc4 a6 22. Nd4 1-0

[Event "10th Sharjah Cup Women 2020"]
[Site "Sharjah"]
[Date "2020.01.08"]
[Round "6.23"]
[White "Razan, Alshaeby"]
[Black "Aysha Nasser H Alshamsi"]
[Result "0-1"]
[ECO "C26"]
[WhiteElo "1735"]
[BlackElo "1303"]
[Annotator "NA RC"]
[PlyCount "66"]
[EventDate "2020.01.04"]
[EventType "swiss"]
[EventCountry "UAE"]
[SourceTitle "playchess.com"]
[Source "ChessBase"]
[SourceQuality "1"]
[TimeControl "5400+30"]

1. e4 e5 2. Nc3 Nf6 3. g3 d5 4. exd5 Nxd5 5. Bg2 Nxc3 6. bxc3 Nc6 7. Nf3 Bc5 8. O-O Bg4 9. h3 Bh5 10. Re1 O-O 11. g4 Bg6 12. Nxe5 Nxe5 13. Rxe5 Bxf2+ 14. Kxf2 Qf6+ 15. Rf5 Bxf5 16. gxf5 Qxf5+ 17. Kg1 Rad8 18. Rb1 b6 19. Rb3 Rfe8 20. d3 Re6 21. Bd2 Rde8 22. Qf3 Qa5 23. Rb4 Qxa2 24. Qh5 Qxc2 25. Bg5 Qxd3 26. Rg4 Rg6 27. Rf4 Qg3 28. Rf1 Qxg5 29. Qf3 Rf6 30. Qd1 Rxf1+ 31. Qxf1 Qe3+ 32. Kh2 Qe5+ 33. Kg1 Qe1 0-1

[Event "10th Sharjah Cup Women 2020"]
[Site "Sharjah"]
[Date "2020.01.09"]
[Round "7.19"]
[White "Dhyana, Patel"]
[Black "Mariam, Essa"]
[Result "1/2-1/2"]
[ECO "B33"]
[WhiteElo "1969"]
[BlackElo "1560"]
[Annotator "NA RC"]
[PlyCount "90"]
[EventDate "2020.01.04"]
[EventType "swiss"]
[EventCountry "UAE"]
[SourceTitle "playchess.com"]
[Source "ChessBase"]
[SourceQuality "1"]
[TimeControl "5400+30"]

1. e4 c5 2. Nf3 e6 3. d4 cxd4 4. Nxd4 Nc6 5. Nc3 Nf6 6. Ndb5 d6 7. Bf4 e5 8. Bg5 a6 9. Na3 b5 10. Bxf6 gxf6 11. Nd5 $1 Bg7 12. c3 f5 13. exf5 Bxf5 14. Qf3 Bd7 {[%emt 0:03:34] B33: Sicilian: Pelikan and Sveshnikov Variations} (14... Be6 15. Rd1 Rc8 16. Bd3 O-O 17. Bf5 Ne7 18. Nxe7+ Qxe7 19. Qd3 Bxf5 20. Qxf5 Rfd8 21. O-O Qe6 22. Qb1 f5 {1-0 (34) Vaz Lacuesta,L (2098)-Torales,I (1641) Punta del Este 2019}) 15. Bd3 Rc8 16. h4 $146 ({Predecessor:} 16. Nc2 $16 Be6 17. Nce3 Nb8 18. Nf5 Bxf5 19. Qxf5 Nd7 20. Rd1 Nf6 21. Nxf6+ Bxf6 22. Be4 {1-0 (45) Svec,L (1846)-Hacaperka,M (1936) Klatovy 2007}) 16... Be6 17. Ne3 $2 (17. Nc2 $14) 17... d5 18. Bf5 ({White should play} 18. Rd1 $15) 18... Qf6 19. Qg4 h5 20. Qh3 d4 21. Bxe6 fxe6 ({Resist} 21... Qxe6 22. Nf5 $17) 22. Nd5 $2 (22. Nec2) 22... Qf5 (22... Qg6 $142 23. O-O O-O) 23. Qxf5 exf5 24. cxd4 (24. Rh3 {was necessary.}) 24... Nxd4 25. O-O Rc5 26. Nb4 a5 27. Nd3 Rd5 28. Kh1 Ne2 $2 (28... Kf7 $19 29. Rac1 Ne6) 29. Rfe1 Ng3+ 30. fxg3 Rxd3 31. Nxb5 O-O 32. Nc7 e4 33. Ne6 Bxb2 34. Rab1 Bc3 35. Rec1 Re8 36. Nf4 $1 {[%emt 0:00:19] Double Attack} Rxg3 37. Nxh5 Rd3 38. Nf4 Rg3 39. Nh5 ({White should try} 39. Ne2 $16 Be5 40. Nxg3 Bxg3 41. Rc2) 39... Re3 40. Rb3 Rc8 41. Rb7 Re1+ 42. Rxe1 Bxe1 $11 43. Nf6+ Kf8 44. Nh7+ Kg8 45. Nf6+ Kf8 1/2-1/2

[Event "10th Sharjah Cup Women 2020"]
[Site "Sharjah"]
[Date "2020.01.09"]
[Round "7.20"]
[White "Kyrkjebo, Hanna B."]
[Black "Khezrian, Nooralzahra"]
[Result "1-0"]
[ECO "C49"]
[WhiteElo "1963"]
[BlackElo "1310"]
[Annotator "NA RC"]
[PlyCount "53"]
[EventDate "2020.01.04"]
[EventType "swiss"]
[EventCountry "UAE"]
[SourceTitle "playchess.com"]
[Source "ChessBase"]
[SourceQuality "1"]
[TimeControl "5400+30"]

1. e4 e5 2. Nf3 Nc6 3. Nc3 Nf6 4. Bb5 Bb4 5. O-O O-O 6. d3 d6 7. Bg5 Bxc3 8. bxc3 Qe7 9. Re1 Nd8 10. d4 Ne6 11. Bc1 {[%emt 0:01:06] C49: Four Knights: 4 Bb5 Bb4} a6 (11... Rd8 12. Qe2 Nf8 13. Nh4 h6 14. a4 c5 15. h3 cxd4 16. cxd4 exd4 17. Ba3 Qc7 18. Bd3 Bd7 19. Qd2 Rac8 {1-0 (60) Nepomniachtchi,I (2776)-Tomashevsky,E (2718) Khanty-Mansiysk 2019}) 12. Bd3 Nd7 13. a4 c5 ({Black should try} 13... a5 $11) 14. Bf1 $146 ({Predecessor:} 14. d5 Nf4 15. Bf1 Ng6 16. Nd2 h6 17. Nc4 b6 18. Rb1 Rb8 {1-0 (60) Willow,J (2187)-Turner,M (2534) Birmingham 2019}) 14... Rb8 15. g3 f6 16. Nh4 Rf7 (16... cxd4 $16 17. cxd4 exd4) 17. Nf5 {[%emt 0:04:24] Qf} Qf8 18. dxe5 Nxe5 19. f4 g6 $2 (19... Nc6 {might work better.} 20. Qxd6 (20. Nxd6 Rd7 $16) 20... g6) 20. fxe5 gxf5 21. exf5 Nd8 (21... dxe5 $142 22. fxe6 Bxe6) 22. e6 Rc7 23. Bf4 Rc6 {[%emt 0:01:30] [#]} 24. e7 $1 {[%emt 0:01:22] Double Attack} Qe8 25. Qg4+ Kh8 26. Bh6 Ne6 27. Rxe6 1-0

[Event "10th Sharjah Cup Women 2020"]
[Site "Sharjah"]
[Date "2020.01.09"]
[Round "7.21"]
[White "Alsabbagh Eman"]
[Black "Al Kalbani, Wadima"]
[Result "1-0"]
[ECO "C58"]
[WhiteElo "1053"]
[BlackElo "1667"]
[Annotator "NA RC"]
[PlyCount "51"]
[EventDate "2020.01.04"]
[EventType "swiss"]
[EventCountry "UAE"]
[SourceTitle "playchess.com"]
[Source "ChessBase"]
[SourceQuality "1"]
[TimeControl "5400+30"]

1. e4 e5 2. Nf3 Nc6 3. Bc4 Nf6 4. Ng5 d5 5. exd5 Na5 6. Bb5+ c6 7. dxc6 bxc6 8. Qf3 Rb8 9. Bxc6+ Nxc6 10. Qxc6+ Nd7 11. d3 h6 12. Ne4 Rb6 13. Qa4 Bb7 14. O-O Rb4 15. Qxa7 f5 16. a3 Rb5 17. Nbc3 Rb6 18. Ng3 f4 19. Nge4 Nc5 20. Nxc5 Bxc5 21. Na4 Qg5 22. Qb8+ Kf7 23. Qc7+ Kg8 24. g3 fxg3 25. Bxg5 gxf2+ 26. Rxf2 1-0

[Event "10th Sharjah Cup Women 2020"]
[Site "Sharjah"]
[Date "2020.01.09"]
[Round "7.22"]
[White "Razan, Alshaeby"]
[Black "Amal, Fadel S M Alshamsi"]
[Result "1/2-1/2"]
[ECO "C01"]
[WhiteElo "1735"]
[BlackElo "1403"]
[Annotator "NA RC"]
[PlyCount "119"]
[EventDate "2020.01.04"]
[EventType "swiss"]
[EventCountry "UAE"]
[SourceTitle "playchess.com"]
[Source "ChessBase"]
[SourceQuality "1"]
[TimeControl "5400+30"]

1. e4 e6 2. d4 d5 3. exd5 exd5 4. Bd3 Bd6 5. Nf3 Ne7 6. c3 c6 7. O-O O-O 8. Bg5 Bg4 9. Nbd2 Qc7 10. Qc2 h6 11. Bh4 Nd7 12. Rfe1 Rfe8 13. h3 Be6 14. Nf1 Nf8 15. Ne5 Qc8 16. g4 f6 17. Ng6 Nexg6 18. Bxg6 Nxg6 19. Qxg6 Bf7 20. Qd3 Qd7 21. Bg3 Be7 22. Re2 h5 23. Ne3 hxg4 24. hxg4 g6 25. f4 Bd6 26. Rh2 Kg7 27. Kf2 Rh8 28. Rah1 Rxh2+ 29. Rxh2 Rh8 30. Rxh8 Kxh8 31. f5 Bxg3+ 32. Kxg3 Qd6+ 33. Kg2 g5 34. Qf1 Qe7 35. Qf3 Kg7 36. Kf2 Qd6 37. Nf1 Qe7 38. Ng3 Qe8 39. Qd1 Qd8 40. Qe2 Qd6 41. Qf3 Qc7 42. Ke1 Qe7+ 43. Kd2 Qd6 44. Qf2 Qe7 45. Qh2 Qe8 46. Qh1 a6 47. Qh2 Qh8 48. Nh5+ Bxh5 49. gxh5 Kh6 50. Qc7 Qe8 51. Qd6 Kxh5 52. Qxf6 Qe4 53. Qh8+ Kg4 54. f6 Qg2+ 55. Kc1 Qf1+ 56. Kc2 Qe2+ 57. Kb3 Qb5+ 58. Kc2 Qe2+ {[%emt 0:00:03] Kd2 Qg2+} 59. Kc1 Kf3 60. Qh5+ {Kg4 Qh8 Qf1+} 1/2-1/2

[Event "10th Sharjah Cup Women 2020"]
[Site "Sharjah"]
[Date "2020.01.09"]
[Round "7.23"]
[White "Yasmin, Ali"]
[Black "Kaushika Sridharan"]
[Result "0-1"]
[ECO "D35"]
[WhiteElo "1527"]
[BlackElo "1205"]
[Annotator "NA RC"]
[PlyCount "116"]
[EventDate "2020.01.04"]
[EventType "swiss"]
[EventCountry "UAE"]
[SourceTitle "playchess.com"]
[Source "ChessBase"]
[SourceQuality "1"]
[TimeControl "5400+30"]

1. d4 d5 2. c4 e6 3. Nc3 Nf6 4. cxd5 exd5 5. Bg5 Be7 6. Qc2 Nc6 7. e3 Bg4 8. a3 a6 9. Bd3 h6 10. Bh4 Qd7 11. Nge2 O-O 12. f3 Be6 13. O-O Nh5 14. Bf2 b5 15. e4 Nf6 16. e5 Ne8 17. f4 f5 18. Qc1 Na5 19. b4 Nb3 20. Qc2 Nxa1 21. Rxa1 c6 22. Be3 a5 23. Rf1 axb4 24. axb4 Bxb4 25. g4 Bxc3 26. Nxc3 Nc7 27. Qd1 Na6 28. g5 hxg5 29. fxg5 Qf7 30. h4 Nb4 31. Bb1 Ra3 32. Qc1 Rfa8 33. Rf2 Qh5 34. g6 Qxh4 35. Rh2 Qg4+ 36. Rg2 Qh5 37. Ne2 Qf3 38. Bd2 Qb3 39. Nc3 Qc4 40. Qe1 Qxd4+ 41. Kh1 Nd3 42. Bxd3 Qxd3 43. Qh4 Ra1+ 44. Kh2 Qf1 45. Qh7+ Kf8 46. Nd1 Qxd1 47. Qh8+ Bg8 48. Bb4+ Ke8 49. Qxg8+ Kd7 50. Qf7+ Kc8 51. Qe8+ Kb7 52. Qe7+ Kc8 53. Qf8+ Kb7 54. Qe7+ Ka6 55. Qg5 Qh1+ 56. Kg3 Qb1 57. Qd2 Qb3+ 58. Kf2 Ra2 0-1

[Event "10th Sharjah Cup Women 2020"]
[Site "Sharjah"]
[Date "2020.01.11"]
[Round "8.2"]
[White "Sukandar, Irine Kharisma"]
[Black "Zimina, Olga"]
[Result "1/2-1/2"]
[ECO "B13"]
[WhiteElo "2402"]
[BlackElo "2367"]
[Annotator "NA"]
[PlyCount "95"]
[EventDate "2020.01.04"]
[EventType "swiss"]
[EventCountry "UAE"]
[SourceTitle "playchess.com"]
[Source "ChessBase"]
[SourceQuality "1"]
[TimeControl "5400+30"]

1. e4 c6 2. d4 d5 3. exd5 cxd5 4. Bd3 Nc6 5. c3 Nf6 6. Bf4 Bg4 7. Qb3 Qd7 8. Nd2 e6 9. Ngf3 Bd6 10. Bxd6 Qxd6 11. O-O O-O 12. Rae1 Bxf3 13. Nxf3 Qc7 {[%emt 0:00:46] B13: Caro-Kann: Exchange Variation and Panov-Botvinnik Attack} (13... Rab8 14. Ne5 Qc7 15. f4 b5 16. a3 a5 17. Qc2 Rfc8 18. Qf2 b4 19. axb4 axb4 20. f5 bxc3 21. bxc3 {½-½ (30) Aravindh,C (2599)-Andreikin,D (2725) Astana 2019}) 14. Ne5 Nxe5 15. dxe5 Nd7 16. Qc2 $146 ({Predecessor:} 16. f4 Qb6+ 17. Qxb6 Nxb6 18. Rd1 Rac8 19. Rf2 f5 20. g3 Nc4 21. Bxc4 Rxc4 {1-0 (56) Roncea,A (1590)-Prinzen,S (1520) Wuerzburg 2019}) 16... g6 17. Qe2 Rab8 18. Bb5 Nc5 19. Qe3 a6 20. Be2 b5 21. a3 Na4 22. Rb1 Rfc8 23. Rfd1 Nb6 24. Rd4 Nd7 25. f4 a5 26. Rbd1 Qc5 27. Qf2 Rb6 28. h3 Nb8 29. Bg4 h5 $11 30. Bf3 a4 31. g4 hxg4 32. Bxg4 Re8 33. h4 Nc6 34. R4d3 Qxf2+ 35. Kxf2 Kg7 36. h5 gxh5 37. Bxh5 Rh8 38. Rg1+ Kf8 39. Rg5 Ne7 40. Kg1 Rc6 41. Be2 Rc5 42. Rd4 Nc6 43. Rd2 Ke7 44. Kg2 Rh4 45. Kg3 Rh1 46. Kg2 Rh4 47. Kg3 Rh1 48. Kg2 1/2-1/2

[Event "10th Sharjah Cup Women 2020"]
[Site "Sharjah"]
[Date "2020.01.11"]
[Round "8.4"]
[White "Drljevic, Ljilja"]
[Black "Assaubayeva, Bibisara"]
[Result "0-1"]
[ECO "D14"]
[WhiteElo "2193"]
[BlackElo "2375"]
[Annotator "ChessBase"]
[PlyCount "166"]
[EventDate "2020.01.04"]
[EventType "swiss"]
[EventCountry "UAE"]
[SourceTitle "playchess.com"]
[Source "ChessBase"]
[SourceQuality "1"]
[TimeControl "5400+30"]

1. d4 d5 2. Nf3 Nf6 3. c4 c6 4. cxd5 cxd5 5. Nc3 Nc6 6. Bf4 Bf5 7. Ne5 Qb6 8. Nxc6 bxc6 9. f3 e6 10. Na4 Qb4+ 11. Kf2 c5 12. Bd2 Qb7 13. Nxc5 Bxc5 14. dxc5 Qxb2 15. Rc1 O-O 16. Bc3 Qb8 17. g4 Bg6 18. h4 h6 19. Qd2 e5 20. g5 Nh5 21. Qxd5 e4 22. Be5 e3+ 23. Kxe3 Re8 24. f4 Qb4 25. Qc4 Qxc4 26. Rxc4 f6 27. Bh3 fxe5 28. f5 Bf7 29. Ra4 Nf4 30. Bg4 Nd5+ 31. Kf2 Nc3 32. Ra6 Ne4+ 33. Ke3 Nxc5 34. Ra3 Nd7 35. Rd1 Nb6 36. Kf2 e4 37. Rd4 hxg5 38. hxg5 g6 39. Ra5 gxf5 40. Bxf5 e3+ 41. Kg3 Bc4 42. Be4 Rad8 43. Rxd8 Rxd8 44. Kf3 a6 45. Kxe3 Bb5 46. Bd3 Nc4+ 47. Bxc4+ Bxc4 48. Kf3 Rf8+ 49. Ke3 Re8+ 50. Kd4 Bxe2 51. Re5 Rd8+ 52. Kc3 Bb5 53. Re6 Rd3+ 54. Kb2 Rd2+ 55. Kb3 Rd4 56. Kb2 Rb4+ 57. Kc3 Ra4 58. Kb3 Rg4 59. Kc3 Rxg5 60. a4 Rc5+ 61. Kb3 Bf1 62. Rf6 Rc1 63. Kb4 Kg7 64. Rd6 Kf7 65. Ka5 Ke7 66. Rh6 Kd7 67. Rf6 Kc7 68. Rh6 Rc5+ 69. Kb4 Rf5 70. Rg6 a5+ 71. Kb3 Be2 72. Rg7+ Kb6 73. Rd7 Rf3+ 74. Kb2 Kc5 75. Rd2 Bc4 76. Rc2 Kb4 77. Ka1 Ra3+ 78. Kb2 Rxa4 79. Rc1 Ra2+ 80. Kb1 Rd2 81. Ka1 Ka3 82. Rc3+ Bb3 83. Rc1 Bc2 0-1

[Event "10th Sharjah Cup Women 2020"]
[Site "Sharjah"]
[Date "2020.01.11"]
[Round "8.5"]
[White "Gong, Qianyun"]
[Black "Smirnova, Ekaterina"]
[Result "0-1"]
[ECO "D00"]
[WhiteElo "2371"]
[BlackElo "2249"]
[Annotator "ChessBase"]
[PlyCount "70"]
[EventDate "2020.01.04"]
[EventType "swiss"]
[EventCountry "UAE"]
[SourceTitle "playchess.com"]
[Source "ChessBase"]
[SourceQuality "1"]
[TimeControl "5400+30"]

1. d4 d5 2. Bf4 c5 3. e3 cxd4 4. exd4 Nc6 5. c3 Bf5 6. Qb3 Qd7 7. Nf3 e6 8. Bb5 Bd6 9. Ne5 Qc7 10. c4 dxc4 11. Qg3 f6 12. Nxc6 Bxf4 13. Ne5+ Kf8 14. Qxf4 fxe5 15. Qxe5 Qxe5+ 16. dxe5 Rc8 17. Na3 c3 18. Rc1 a6 19. Be2 c2 20. Nc4 Ne7 21. O-O Nc6 22. Nd6 Nd4 23. Rfe1 Rc5 24. f4 b5 25. Kf2 Bg6 26. Bg4 Ke7 27. Ke3 Nc6 28. Bf3 Nb4 29. Ne4 Rc7 30. Re2 Rhc8 31. Nd6 Nxa2 32. Nxc8+ Rxc8 33. Ree1 Nxc1 34. Rxc1 Rc4 35. g3 Rb4 0-1

[Event "10th Sharjah Cup Women 2020"]
[Site "Sharjah"]
[Date "2020.01.11"]
[Round "8.6"]
[White "Khukhashvili, Sopiko"]
[Black "Suleimanova, Ava"]
[Result "1-0"]
[ECO "B23"]
[WhiteElo "2343"]
[BlackElo "2213"]
[Annotator "ChessBase"]
[PlyCount "89"]
[EventDate "2020.01.04"]
[EventType "swiss"]
[EventCountry "UAE"]
[SourceTitle "playchess.com"]
[Source "ChessBase"]
[SourceQuality "1"]
[TimeControl "5400+30"]

1. e4 c5 2. Nc3 Nc6 3. f4 e6 4. Nf3 d6 5. Bc4 Nf6 6. O-O Be7 7. d3 O-O 8. Bb3 a6 9. a4 Rb8 10. Qe1 b5 11. axb5 axb5 12. Ne2 Qb6 13. Kh1 c4 14. Ba2 Ra8 15. Bd2 d5 16. Ng3 Bc5 17. h3 Ra7 18. e5 Ne8 19. Nh5 f5 20. exf6 Nxf6 21. Nxf6+ Rxf6 22. dxc4 bxc4 23. b3 cxb3 24. Bxb3 Ba6 25. Rxa6 Rxa6 26. f5 Ne7 27. fxe6 Qxe6 28. Qd1 Rf5 29. Bg5 h6 30. Re1 Qxe1+ 31. Qxe1 hxg5 32. Qc3 Bd6 33. g4 Rf8 34. Nxg5 Rf1+ 35. Kg2 Raa1 36. Nf3 Rad1 37. Qe3 Kh8 38. Bxd5 Rfe1 39. Nxe1 Nxd5 40. Qe8+ Kh7 41. Qe4+ Kh8 42. Nd3 Rd2+ 43. Kf3 Nf6 44. Qa8+ Kh7 45. g5 1-0

[Event "10th Sharjah Cup Women 2020"]
[Site "Sharjah"]
[Date "2020.01.11"]
[Round "8.9"]
[White "Heinemann, Josefine"]
[Black "Gevorgyan, Irina"]
[Result "0-1"]
[ECO "B19"]
[WhiteElo "2317"]
[BlackElo "2216"]
[Annotator "NA RC"]
[PlyCount "114"]
[EventDate "2020.01.04"]
[EventType "swiss"]
[EventCountry "UAE"]
[SourceTitle "playchess.com"]
[Source "ChessBase"]
[SourceQuality "1"]
[TimeControl "5400+30"]

1. e4 c6 2. d4 d5 3. Nd2 dxe4 4. Nxe4 Bf5 5. Ng3 Bg6 6. h4 h6 7. Nf3 Nd7 8. Bd3 Bxd3 9. Qxd3 e6 10. Bd2 Ngf6 11. O-O-O Qc7 12. Qe2 O-O-O 13. Nf1 Bd6 14. g3 Nb6 15. Ba5 Qe7 16. Ne3 Bc7 17. Kb1 Nbd5 18. Bxc7 Qxc7 $14 19. c4 Nxe3 20. Qxe3 Ng4 21. Qe2 Kb8 22. Ne5 Nxe5 23. Qxe5 g6 24. Kc2 h5 25. Kc3 Kc8 26. Qxc7+ Kxc7 27. Rde1 Rd7 28. Re4 b5 29. c5 Rhd8 30. Rhe1 Rd5 31. Rf4 Rf5 32. Ree4 a5 33. f3 Rxf4 34. Rxf4 f5 35. a3 Rg8 36. Kd2 Kd7 37. Ke3 Ke7 38. g4 Rd8 39. b3 Kf6 40. g5+ Ke7 41. Ke2 Rd5 42. Kf2 e5 43. dxe5 Ke6 44. a4 Kxe5 45. Kg3 Rxc5 46. b4 axb4 47. a5 Rc2 48. Rxb4 Ra2 49. Rb1 f4+ 50. Kh3 Rxa5 51. Re1+ Kd6 52. Re8 b4 53. Rg8 b3 54. Rxg6+ Kc5 55. Re6 b2 56. Re5+ Kb6 57. Re8 Rb5 0-1